 Dungeon Crawl Stone Soup version 0.18-a0-1014-g3bbf375 (webtiles) character file.

689621 4thArraOfDagon the Grim Reaper (level 27, -20/221 HPs)
             Began as a Hill Orc Warper on Jan 4, 2016.
             Was the Champion of Yredelemnul.
             Demolished by an Ice Fiend (43 damage)
             ... in Pandemonium on Jan 6, 2016.
             The game lasted 05:15:07 (38594 turns).

4thArraOfDagon the Grim Reaper (Hill Orc Warper)   Turns: 38594, Time: 05:15:07

Health: -20/221    AC: 26    Str: 25    XL:     27
Magic:  40/40      EV: 20    Int: 22    God:    Yredelemnul [******]
Gold:   5338       SH:  0    Dex: 19    Spells: 14 memorised, 8 levels left

rFire  + + +     SeeInvis +     Z - +9 battleaxe (vamp)
rCold  . . .     Gourm    .     G - +3 chain mail of Weightlessness {rF+++ rC- MR+ rCorr}
rNeg   + + +     Faith    .     (shield currently unavailable)
rPois  .         Spirit   .     u - +1 hat of Supple Strength {rF- rN+ Regen+ Slay+6}
rElec  .         Dismiss  .     K - +2 cloak of Fun and Games {Regen+ Int+2}
rCorr  +         Reflect  .     s - +2 pair of gloves {Dex+3}
SustAt .         Harm     .     C - +2 pair of boots
MR     +++..                    n - amulet of rage
Stlth  ..........               t - ring of Xom's Recklessness {rF+ rC+ rN+ Dex+6 Stlth-}
                                V - ring of Shadows {Umbra +Inv rN+ SInv}

@: mighty, regenerating, wreathed by umbra, repel missiles, extremely resistant
to hostile enchantments, extremely unstealthy
A: deformed body, fire resistance 1, frail 1, screaming 1
a: Recall Undead Slaves, Injury Mirror, Animate Dead, Drain Life, Enslave Soul,
Renounce Religion, Evoke Berserk Rage, Evoke Invisibility
}: 7/15 runes: barnacled, slimy, silver, golden, abyssal, demonic, gossamer


You were in Pandemonium.
You worshipped Yredelemnul.
Yredelemnul was exalted by your worship.
You were full.

You visited 13 branches of the dungeon, and saw 64 of its levels.
You visited Pandemonium 1 time, and saw 6 of its levels.
You visited the Abyss 3 times.
You also visited: Labyrinth, Ossuary, Bailey, Ice Cave and Volcano.

You collected 6028 gold pieces.
You spent 690 gold pieces at shops.

Inventory:

Hand Weapons
 Z - a +9 vampiric battleaxe (weapon)
Missiles
 c - 12 throwing nets (quivered)
Armour
 o - the +0 cloak "Ileyxzy" {MR+ rCorr Int+3}
   (You found it on level 14 of the Dungeon)

   It affects your intelligence (+3).
   It affects your resistance to hostile enchantments.
   It protects you from acid and corrosion.
 s - a +2 pair of gloves of dexterity (worn)
 u - the +1 hat of Supple Strength (worn) {rF- rN+ Regen+ Slay+6}
   (You acquired it on level 4 of the Lair of Beasts)

   It affects your accuracy and damage with ranged weapons and melee attacks
   (+6).
   It makes you vulnerable to fire.
   It protects you from negative energy.
   It increases your rate of regeneration.
 C - a +2 pair of boots (worn)
 G - the +3 chain mail of Weightlessness (worn) {rF+++ rC- MR+ rCorr}
   (You found it on level 2 of the Vaults)

   It renders you almost immune to fire.
   It makes you vulnerable to cold.
   It affects your resistance to hostile enchantments.
   It protects you from acid and corrosion.
 K - the +2 cloak of Fun and Games (worn) {Regen+ Int+2}
   (You found it on level 3 of the Spider Nest)

   It affects your intelligence (+2).
   It increases your rate of regeneration.
Jewellery
 l - an uncursed ring of protection from cold
 n - an amulet of rage (around neck)
 t - the ring of Xom's Recklessness (right hand) {rF+ rC+ rN+ Dex+6 Stlth-}
   (You found it on level 12 of the Dungeon)

   [ring of protection from fire]

   It affects your dexterity (+6).
   It protects you from fire.
   It protects you from cold.
   It protects you from negative energy.
   It makes you less stealthy.
 y - the amulet of Umomir {Dismiss rC+ Int+4 SInv}
   (You took it off an orc warrior on level 3 of the Elven Halls)

   [amulet of dismissal]

   It may teleport away creatures that harm you.
   It affects your intelligence (+4).
   It protects you from cold.
   It lets you see invisible.
 F - the ring of Nafibb {rElec rN+ Str+4 Int-2}
   (You found it on level 6 of the Pits of Slime)

   [ring of intelligence]

   It affects your strength (+4).
   It affects your intelligence (-2).
   It insulates you from electricity.
   It protects you from negative energy.
 M - an uncursed ring of poison resistance
 N - the ring of Robustness {AC+8}
   (You took it off a yaktaur captain on level 5 of the Vaults)

   [ring of protection]

   It affects your AC (+8).
 T - an uncursed ring of wizardry
 V - the ring of Shadows (left hand) {Umbra +Inv rN+ SInv}
   (You found it on level 3 of the Crypt)

   [ring of invisibility]

   It protects you from negative energy.
   It lets you see invisible.
   It lets you turn invisible.
Wands
 a - a wand of disintegration (7/24)
 i - a wand of digging (7/24)
 H - a wand of teleportation (6/9)
 S - a wand of disintegration (8/24)
Scrolls
 d - 10 scrolls of identify
 m - 5 scrolls of magic mapping
 v - 22 scrolls of remove curse
 x - 2 scrolls of teleportation
 D - 10 scrolls of recharging
 I - 8 scrolls of fog
 L - a scroll of blinking
 R - a scroll of silence
Potions
 e - a potion of beneficial mutation
 g - 16 potions of curing
 h - 8 potions of heal wounds
 j - 2 potions of haste
 k - 2 potions of might
 p - a potion of resistance
 z - 5 potions of ambrosia
 A - 5 potions of invisibility
 E - 5 potions of flight
 O - 3 potions of cancellation
 P - 4 potions of magic
 Q - 5 potions of brilliance
 U - 4 potions of agility
 W - 4 potions of berserk rage
Miscellaneous
 q - 3 phantom mirrors
 r - a lamp of fire
 w - a fan of gales
 B - a piece from Xom's chessboard
 J - a box of beasts {used: 10}
 X - a phial of floods
 Y - a figurine of a ziggurat
Comestibles
 b - 22 meat rations
 f - 28 bread rations


   Skills:
 + Level 19.9 Fighting
 - Level 24.3 Axes
 - Level 0.8 Throwing
 + Level 18.1 Armour
 + Level 14.9 Dodging
 + Level 13.1 Spellcasting
 - Level 12.0 Charms
 * Level 13.6 Translocations
 - Level 3.0 Poison Magic
 * Level 24.4 Invocations
 - Level 7.0 Evocations


You had 8 spell levels left.
You knew the following spells:

 Your Spells              Type           Power        Failure   Level  Hunger
a - Apportation           Tloc           ######....   1%          1    None
b - Blink                 Tloc           N/A          1%          2    None
c - Passage of Golubria   Tloc           N/A          1%          4    None
d - Cure Poison           Pois           ####......   10%         2    None
e - Stoneskin             Trmt/Erth      ##......     24%         2    None
f - Song of Slaying       Chrm           ######..     1%          2    None
g - Phase Shift           Tloc           ######....   1%          5    ###....
h - Sublimation of Blood  Necr           ##........   24%         2    None
i - Repel Missiles        Chrm/Air       #####.       1%          2    None
j - Swiftness             Chrm/Air       #####...     1%          2    None
k - Haste                 Chrm           ######..     21%         6    #####..
l - Controlled Blink      Tloc           N/A          100%        8    #######
m - Regeneration          Chrm/Necr      #####.....   4%          3    None
n - Spectral Weapon       Hex/Chrm       #####...     4%          3    None


Dungeon Overview and Level Annotations

Branches:
Dungeon (15/15)            Temple (1/1) D:7            Lair (8/8) D:9
 Shoals (4/4) Lair:6       Spider (4/4) Lair:5        Slime (6/6) Lair:6
    Orc (2/2) D:12            Elf (3/3) Orc:2        Vaults (5/5) D:13
  Crypt (3/3) Vaults:2       Tomb (3/3) Crypt:3      Depths (5/5) D:15
    Zot (5/5) Depths:5

Altars:
Ashenzari
Cheibriados
Dithmenos
Elyvilon
Fedhas
Gozag
Kikubaaqudgha
Makhleb
Nemelex Xobeh
Okawaru
Pakellas
Qazlal
Ru
Sif Muna
Trog
Vehumet
Xom
Yredelemnul
Zin
The Shining One
Beogh
Jiyva

Shops:
D:9 %   Orc:2 :}[!   Depths:1 }

Portals:
Hell: Depths:1 Depths:2 Depths:4 Depths:5
Abyss: Depths:1
Pandemonium: Depths:1 Depths:3
Ziggurat: Depths:1

Annotations:
D:7 Joseph
D:8 Duffy's ghost, novice HEFE
D:12 exclusion: downstairs
Lair:8 exclusion: upstairs
Spider:3 Azrael; Mara
Elf:2 5 runed doors


Innate Abilities, Weirdness & Mutations

Armour fits poorly on your strangely shaped body.
Your flesh is heat resistant.
You are frail (-10% HP).
You occasionally shout uncontrollably at your foes.


Message History

The Ice Fiend barely misses you.
The Ice Fiend claws you but does no damage.
The Executioner hits you but does no damage.
The Executioner misses you.
The Executioner hits you but does no damage.
Unknown command.
You cut the Ice Fiend into ribbons!!!
The Ice Fiend is severely wounded.
You slice the Executioner!!
The Executioner is almost dead.
The Executioner hits you but does no damage. x3
The Executioner hits you!
* * * LOW HITPOINT WARNING * * *
The Executioner barely misses you.
The Executioner hits you but does no damage.
The Ice Fiend completely misses you. The Ice Fiend claws you.
* * * LOW HITPOINT WARNING * * *
The Ice Fiend freezes you!!!
You die...
Your body rises from the dead as a mindless zombie.

#.# ... #.. ... #...
#'## #... #3.##
#....#...##
#....#....##
#....11....##
#@.....# 1.1 .#
#.3....# .6. ..
#......# 6. ..#
#####'### ...3..
##....3..# 6#.#.#
#........# ......
#.........#####'3'###
#........#..661......
#........3...........


You could see an Ice Fiend, an Executioner, a sun demon, a neqoxec and a chaos
spawn.

Vanquished Creatures
  the Royal Jelly (Slime:6)
  Khufu (Tomb:2)
  An ancient lich (Tomb:2)
  6 greater mummies
  Frederick (Vaults:4)
  A Killer Klown (Zot:4)
  A pandemonium lord (Pan)
  2 caustic shrikes (Depths:5)
  A curse toe (Zot:3)
  8 golden dragons
  Nikola (Depths:2)
  Xtahua (Crypt:3)
  2 bone dragons (Depths:5)
  3 liches
  Jorgrun (Vaults:2)
  2 Brimstone Fiends (Pan)
  Rupert (D:13)
  5 Orb Guardians (Zot:5)
  An Ice Fiend (Pan)
  14 tentacled monstrosities
  4 quicksilver dragons (Vaults:5)
  5 acid blobs
  8 titans
  2 Shadow Fiends (Pan)
  A deep elf blademaster (Elf:3)
  8 sphinxes
  2 Executioners (Pan)
  6 ancient champions
  Polyphemus (Shoals:2)
  6 tengu reavers
  9 shadow dragons
  A warmonger (Pan)
  5 storm dragons
  An azure jelly (Slime:6)
  Wiglaf (Spider:3)
  A draconian monk (Depths:5)
  3 revenants
  7 frost giants
  2 draconian knights (Zot:3)
  5 fire giants
  12 vault wardens
  3 balrugs (Pan)
  3 chaos champions (Pan)
  A ghost moth (shapeshifter) (Vaults:5)
  An orc warlord (Depths:4)
  2 draconian scorchers
  2 iron dragons
  4 ghost moths (Spider:4)
  A cacodemon (Pan)
  5 draconian zealots
  Maud (Orc:1)
  An emperor scorpion (Spider:4)
  A spriggan defender (Depths:2)
  A draconian annihilator (Zot:1)
  2 deep elf elementalists
  2 draconian shifters
  A reaper (Depths:1)
  A black sun (Pan)
  10 ironheart preservers
  3 blood saints (Pan)
  15 stone giants
  4 green draconians
  7 very ugly things
  8 ghouls
  7 deep elf demonologists
  4 vampire knights
  Nessos (Lair:5)
  2 draconian callers (Zot:4)
  4 deep elf annihilators
  2 corrupters (Pan)
  A black draconian (Zot:3)
  4 purple draconians
  5 spark wasps
  2 lorocyprocas (Pan)
  4 red draconians
  A mottled draconian (Depths:5)
  3 white draconians
  2 yellow draconians
  2 bennus (Tomb:1)
  2 eidola
  8 ettins
  6 deep elf death magi
  5 blizzard demons (Pan)
  2 green deaths (Pan)
  2 merfolk impalers
  A death ooze (Slime:6)
  11 fire dragons
  26 vault guards
  Josephine (D:15)
  A minotaur (Lab)
  12 mummy priests
  9 ogre magi
  15 yaktaur captains
  5 jiangshi
  11 ice dragons
  3 rakshasas
  2 hell beasts (Pan)
  8 entropy weavers
  3 great orbs of eyes
  Harold (Orc:1)
  2 monstrous demonspawn (Pan)
  3 spriggan air magi
  4 centaur warriors
  3 catoblepae
  3 death knights
  A satyr (Shoals:4)
  3 dancing weapons
  4 deep troll earth magi
  6 deep troll shamans
  8 death yaks
  5 orc high priests
  A vampire mage (Vaults:2)
  An alligator (shapeshifter) (Vaults:5)
  7 tengu warriors
  7 soul eaters
  5 sun demons (Pan)
  5 spriggan berserkers
  15 hell knights
  21 skeletal warriors
  7 deep elf knights
  A fire crab (Vaults:2)
  A spatial maelstrom (Abyss:3)
  4 iron trolls
  3 giant orange brains
  15 deep trolls
  7 large abominations
  6 shadow wraiths
  4 death scarabs
  4 unseen horrors
  3 flayed ghosts
  A sea snake (Shoals:2)
  A shadow demon (Pan)
  A gelid demonspawn (Pan)
  7 phantasmal warriors
  A torturous demonspawn (Pan)
  13 deep elf archers
  2 wizards
  A golden dragon skeleton (Tomb:1)
  2 infernal demonspawn (Pan)
  5 hill giants
  14 ironbrand convokers
  3 putrid demonspawn (Pan)
  28 anubis guards
  2 anaconda skeletons (Crypt:3)
  6 orb spiders
  11 orc knights
  15 harpies
  39 deep elf magi
  A sphinx zombie (Crypt:3)
  2 anubis guards (shapeshifter)
  2 necromancers
  A faun (Shoals:3)
  A wolf spider (shapeshifter) (Depths:3)
  12 ugly things
  5 orc sorcerers
  21 wolf spiders
  2 cyclopes
  4 griffons
  4 manticores
  15 moths of wrath
  6 hornets
  A faun (shapeshifter) (Vaults:3)
  43 slime creatures
  A moth of wrath (shapeshifter) (Depths:3)
  3 sixfirhies (Pan)
  A salamander (D:15)
  3 elephants (Lair:6)
  A frost giant skeleton (Crypt:3)
  2 water nymphs
  3 rust devils
  2 torpor snails (Lair:6)
  An ice statue (IceCv)
  An eye of devastation (Slime:6)
  11 vault sentinels
  3 orange demons (Pan)
  A dire elephant skeleton (Crypt:3)
  A guardian serpent (Vaults:2)
  14 spiny frogs
  4 smoke demons (Pan)
  3 fire giant skeletons (Crypt:3)
  5 gargoyles
  A spiny frog (shapeshifter) (Vaults:2)
  4 centaur skeletons
  A yaktaur (shapeshifter) (Vaults:5)
  4 hellions
  3 efreet
  A red draconian zombie (Crypt:2)
  5 fire drakes
  3 ice devils
  11 demonic crawlers
  7 kobold demonologists
  18 guardian mummies
  2 hellwings
  6 komodo dragons
  36 yaktaurs
  2 freezing wraiths
  A tormentor (Pan)
  6 red devils (Pan)
  11 merfolk
  13 polar bears (IceCv)
  10 jumping spiders
  A queen bee (Lair:3)
  7 trolls
  3 wind drakes
  12 two-headed ogres
  2 raiju (shapeshifter) (Vaults:5)
  A giant leech (shapeshifter) (Vaults:5)
  2 ice dragon zombies
  2 blink frogs (Lair:8)
  2 harpy skeletons
  A bog body (Crypt:3)
  6 boulder beetles
  4 ushabtiu
  A snapping turtle (Shoals:4)
  A frost giant simulacrum (Depths:1)
  A trapdoor spider (shapeshifter) (Elf:2)
  14 flying skulls
  4 shadows
  A deep troll skeleton (Depths:1)
  13 trapdoor spiders
  41 redbacks
  29 yaks
  5 air elementals
  24 tarantellas
  6 wraiths
  A fire dragon skeleton (Tomb:2)
  An ettin skeleton (Crypt:3)
  3 fire elementals
  6 spriggans
  5 hogs
  14 water elementals
  12 humans
  6 basilisks
  6 wyverns
  8 hippogriffs
  A golden eye (Slime:6)
  2 hippogriffs (shapeshifter)
  7 hungry ghosts
  A mottled dragon (Lair:8)
  A steam dragon (Lair:8)
  12 vampire mosquitoes
  5 wargs
  A wind drake skeleton (Crypt:3)
  3 neqoxecs
  15 wolves
  7 chaos spawn (Pan)
  2 soldier ants
  17 water moccasins
  A soldier ant (shapeshifter) (Vaults:1)
  A spiny frog zombie (Tomb:3)
  2 swamp drakes (Lair:8)
  7 porcupines
  3 sky beasts
  6 ice beasts
  9 wasps
  45 orc warriors
  An eye of draining (Slime:4)
  A spiny frog skeleton (Crypt:3)
  A spriggan simulacrum (Depths:1)
  A black bear (D:10)
  3 necrophages (Crypt:3)
  5 boggarts
  41 ogres
  2 phantoms
  20 centaurs
  An elephant skeleton (Crypt:1)
  13 crocodiles
  6 big kobolds
  17 giant frogs
  A salamander skeleton (Crypt:1)
  5 small abominations
  A raiju zombie (Crypt:1)
  28 killer bees
  7 scorpions
  A queen bee zombie (Crypt:3)
  20 wights
  A troll skeleton (Crypt:3)
  An electric eel (Spider:4)
  4 crimson imps
  6 centaur zombies
  A quasit (D:7)
  12 jellies
  4 hounds
  29 orc priests
  Crazy Yiuf (D:7)
  2 giant frog skeletons
  16 orc wizards
  9 iguanas
  Jessica (D:3)
  An iguana (shapeshifter) (Vaults:5)
  9 worker ants
  A human skeleton (Crypt:1)
  10 sheep
  A crocodile zombie (Crypt:2)
  2 big kobold zombies (Ossuary)
  A felid zombie (Crypt:2)
  A naga skeleton (Crypt:3)
  3 hound skeletons
  3 hound zombies
  21 mummies
  2 worker ant zombies
  3 gnolls
  15 adders
  45 river rats
  5 shadow imps
  3 adder skeletons
  3 worms
  4 giant geckos
  121 orcs
  4 spectral bats (Ossuary)
  6 giant cockroaches
  A gnoll zombie (Ossuary)
  9 goblins
  6 hobgoblins
  14 jackals
  A quokka (D:7)
  2 ball pythons
  7 bats
  6 giant newts
  A giant newt skeleton (Crypt:1)
  4 hobgoblin zombies (Ossuary)
  A jackal zombie (Crypt:1)
  13 kobolds
  3 kobold zombies (Ossuary)
  An orc zombie (Ossuary)
  A quokka skeleton (D:4)
  9 rats
  4 spectral goblins (Ossuary)
  2 spectral kobolds (Ossuary)
  A spectral rat (Ossuary)
  2 crawling corpses (Elf:3)
  7 fungi
  6 plants
2057 creatures vanquished.

Vanquished Creatures (collateral kills)
  4 ancient liches
  The ghost of nublet the Slayer, a veteran OgGl of Ashenzari (Vaults:5)
  Sojobo (Tomb:2)
  2 greater mummies
  An iron giant (Depths:4)
  Saint Roka (Elf:3)
  2 caustic shrikes
  2 golden dragons
  A bone dragon (Slime:6)
  An electric golem (Zot:4)
  A Brimstone Fiend (Pan)
  An Ice Fiend (Pan)
  A lich (Depths:2)
  A deep elf blademaster (Elf:3)
  A titan (Vaults:5)
  An Orb Guardian (Zot:5)
  2 deep elf master archers (Elf:3)
  6 acid blobs
  4 death cobs
  4 ancient champions (Crypt:3)
  A storm dragon (Vaults:2)
  Kirke (Spider:2)
  3 shadow dragons
  7 tengu reavers
  Ilsuiw (Shoals:4)
  An azure jelly (Slime:1)
  Donald (D:13)
  3 emperor scorpions
  3 frost giants
  5 deep elf sorcerers
  3 orc warlords
  A fire giant (Depths:5)
  Aizul (Elf:3)
  9 ghouls
  5 vault wardens
  A deep elf elementalist (Elf:3)
  2 ironheart preservers
  A war gargoyle (Vaults:2)
  3 vampire knights
  A salamander stormcaller (Vaults:5)
  2 stone giants
  A draconian caller (Zot:3)
  4 deep elf demonologists
  2 mottled draconians (Zot:3)
  A yellow draconian (Zot:3)
  4 deep elf annihilators (Elf:3)
  A dire elephant (D:15)
  2 spark wasps
  4 ettins
  A merfolk javelineer (Shoals:3)
  A deep elf death mage (Vaults:5)
  7 mummy priests
  3 fire dragons
  5 merfolk impalers
  A jiangshi (Crypt:2)
  11 vault guards
  5 yaktaur captains
  An entropy weaver (Depths:5)
  A deep elf high priest (Elf:3)
  A great orb of eyes (Slime:6)
  An ice dragon (Depths:5)
  A merfolk avatar (Shoals:1)
  A spriggan air mage (Depths:5)
  5 hydras
  An anaconda (shapeshifter) (Vaults:5)
  A death knight (Crypt:3)
  A centaur warrior (Vaults:1)
  5 merfolk aquamancers
  5 dancing weapons
  2 satyrs (Shoals:3)
  A deep troll shaman (Depths:5)
  A death yak (Shoals:2)
  An orc high priest (Orc:2)
  An ogre mage (Vaults:5)
  A tengu warrior (Depths:2)
  5 small abominations (Elf:3)
  2 large abominations (Elf:3)
  7 deep elf knights
  3 iron trolls
  A death scarab (Tomb:3)
  2 hell knights
  4 skeletal warriors
  2 flayed ghosts
  6 sea snakes
  An unseen horror (Vaults:1)
  6 deep elf archers
  2 ironbrand convokers (Vaults:2)
  3 phantasmal warriors
  5 orc knights
  3 orb spiders
  7 anubis guards
  18 deep elf magi
  8 harpies
  2 wizards
  2 wolf spiders (Spider:2)
  4 ugly things
  4 shining eyes
  3 fauns (Shoals:3)
  3 manticores (Shoals:4)
  A salamander (shapeshifter) (Vaults:3)
  7 water nymphs
  A moth of wrath (shapeshifter) (Depths:1)
  2 moths of wrath
  6 griffons
  A guardian serpent (Vaults:2)
  A black mamba (Lair:8)
  A siren (Shoals:3)
  3 elephants (Lair:6)
  A spiny frog (shapeshifter) (Vaults:2)
  3 vault sentinels
  A gargoyle (D:13)
  A centaur skeleton (D:15)
  9 guardian mummies
  2 demonic crawlers (Spider:2)
  A komodo dragon (Lair:8)
  8 yaktaurs
  An ice devil (D:14)
  A red devil (Pan)
  2 tengu conjurers
  2 wind drakes
  7 jumping spiders
  A troll (Orc:2)
  2 freezing wraiths (Crypt:3)
  16 slime creatures
  23 merfolk
  A two-headed ogre (Vaults:4)
  A blink frog (Lair:8)
  A bog body (Crypt:3)
  A boulder beetle (Vaults:1)
  6 snapping turtles
  4 flying skulls
  3 air elementals
  2 trapdoor spiders
  An ettin skeleton (Crypt:3)
  2 spriggans (Depths:2)
  10 redbacks
  2 yaks
  A hog (Spider:2)
  5 humans (D:13)
  8 tarantellas
  2 fire elementals (Elf:2)
  3 water elementals
  2 golden eyes (Slime:6)
  A hippogriff (Shoals:3)
  A hungry ghost (D:15)
  2 vampire mosquitoes (Vaults:1)
  A mottled dragon (Lair:8)
  6 wolves
  19 orc warriors
  An ice beast (shapeshifter) (Vaults:5)
  3 eyes of draining
  A wasp (Spider:4)
  4 ogres
  2 necrophages (Crypt:3)
  3 crocodiles
  A centaur (Shoals:2)
  A big kobold (D:9)
  A hog skeleton (Crypt:3)
  A giant frog (Lair:3)
  2 earth elementals
  2 wights
  11 killer bees (Lair:3)
  7 jellies
  2 orc wizards
  8 orc priests (Orc:2)
  2 iguanas (Lair:8)
  3 mummies
  A lava snake skeleton (Crypt:3)
  13 orcs (Orc:2)
  A bat skeleton (Crypt:3)
  5 kobolds (D:9)
  2 crawling corpses (Elf:3)
  A fungus (Lair:5)
  6 plants
553 creatures vanquished.

Vanquished Creatures (others)
  A profane servitor (Slime:5)
  A lich (Tomb:1)
  4 bone dragons
  A deep elf elementalist (Elf:3)
  7 ghouls
  4 vampire knights
  A white draconian (Zot:2)
  A very ugly thing zombie (Vaults:5)
  A deep elf high priest (Elf:3)
  A hydra (D:15)
  2 titan zombies (Vaults:5)
  12 skeletal warriors
  4 golden dragon zombies
  A wizard (D:14)
  20 death scarabs
  9 flayed ghosts
  2 tengu zombies (Depths:2)
  A shadow dragon zombie (Vaults:5)
  3 sphinx zombies (Tomb:1)
  2 death scarab zombies (Tomb:2)
  3 phantasmal warriors
  An iron dragon zombie (Vaults:5)
  A deep elf mage (Vaults:5)
  A fire giant zombie (Vaults:5)
  A frost giant zombie (Vaults:5)
  A stone giant zombie (Depths:3)
  A salamander zombie (Vaults:5)
  A demonspawn skeleton (Pan)
  A yaktaur zombie (Vaults:5)
  A ghoul skeleton (Tomb:2)
  A guardian mummy (Tomb:2)
  2 redback zombies (Depths:2)
  7 human zombies
  A fire dragon zombie (Depths:3)
  An ice dragon zombie (Tomb:3)
  An ettin zombie (Vaults:5)
  A human skeleton (Vaults:5)
  A spriggan zombie (Depths:3)
  A water elemental (Elf:2)
  22 flying skulls
  An ettin skeleton (Tomb:3)
  6 vampires
  A hog (Volcano)
  A vampire mosquito (Vaults:1)
  A putrid demonspawn zombie (Pan)
  A putrid demonspawn skeleton (Pan)
  2 elf zombies (Vaults:5)
  A monstrous demonspawn skeleton (Pan)
  2 orc warriors (Elf:3)
  8 anubis guard zombies
  An ogre (Depths:1)
  An anubis guard skeleton (Tomb:3)
  An elf skeleton (Vaults:5)
  3 wights
  A snapping turtle simulacrum (Tomb:3)
  A two-headed ogre zombie (Vaults:5)
  4 mummies
  An orc (Elf:3)
  6 fungi
  3 lost souls (Crypt:3)
  7 plants
  A spectral weapon (Pan)
182 creatures vanquished.

Grand Total: 2792 creatures vanquished

Notes
Turn   | Place    | Note
--------------------------------------------------------------
     0 | D:1      | 4thArraOfDagon the Hill Orc Warper began the quest for the Orb.
     0 | D:1      | Reached XP level 1. HP: 18/18 MP: 3/3
   102 | D:1      | Reached XP level 2. HP: 13/25 MP: 4/4
   181 | D:1      | Reached skill level 3 in Axes
   312 | D:2      | Reached XP level 3. HP: 30/30 MP: 5/5
   450 | D:1      | Learned a level 2 spell: Blink
   612 | D:3      | Reached skill level 1 in Evocations
   664 | D:3      | Reached skill level 4 in Axes
   664 | D:3      | Reached XP level 4. HP: 34/38 MP: 6/6
   824 | D:4      | Noticed an orc warrior
   879 | D:4      | Reached XP level 5. HP: 45/45 MP: 7/7
   885 | D:4      | Killed an orc warrior
   933 | D:4      | Noticed a phantom
   978 | D:3      | Noticed Jessica
   997 | D:3      | Killed Jessica
   997 | D:3      | Reached skill level 5 in Axes
   997 | D:3      | Reached XP level 6. HP: 32/51 MP: 8/8
  1203 | D:5      | Entered Level 5 of the Dungeon
  1203 | D:5      | Noticed a phantom
  1287 | D:5      | Killed a phantom
  1492 | D:5      | Reached XP level 7. HP: 44/59 MP: 9/9
  1700 | D:6      | Reached skill level 6 in Axes
  2162 | D:7      | Noticed Crazy Yiuf
  2175 | D:7      | Killed Crazy Yiuf
  2256 | D:7      | Reached skill level 5 in Fighting
  2291 | D:7      | Reached XP level 8. HP: 61/68 MP: 10/10
  2374 | D:7      | Reached skill level 7 in Axes
  2624 | D:7      | Found a staircase to the Ecumenical Temple.
  2634 | Temple   | Entered the Ecumenical Temple
  2663 | Temple   | Became a worshipper of Yredelemnul the Dark
  2697 | D:7      | Noticed Joseph
  2833 | D:5      | Reached skill level 1 in Invocations
  3213 | D:4      | Found a stormy altar of Qazlal.
  3213 | D:4      | Found an iron altar of Okawaru.
  3253 | D:4      | Reached skill level 8 in Axes
  3360 | D:3      | Reached * piety under Yredelemnul
  3365 | D:3      | Reached XP level 9. HP: 48/75 MP: 11/11
  3609 | D:4      | Learned a level 4 spell: Passage of Golubria
  3817 | D:8      | Reached skill level 5 in Armour
  3855 | D:8      | Noticed Duffy's ghost (novice HEFE)
  4069 | D:8      | Found a sand-covered staircase.
  4074 | Ossuary  | Entered an ossuary
  4149 | Ossuary  | Gained mutation: You have sharp toenails. [mutagenic meat]
  4151 | Ossuary  | Gained mutation: Your body sometimes deteriorates upon taking damage. [mutagenic meat]
  4152 | Ossuary  | Gained mutation: You are dopey. (Int -2) [mutagenic meat]
  4153 | Ossuary  | Lost mutation: Your body sometimes deteriorates upon taking damage. [mutagenic meat]
  4368 | D:7      | Reached skill level 9 in Axes
  4368 | D:7      | Reached skill level 5 in Invocations
  4773 | D:10     | Entered Level 10 of the Dungeon
  4818 | D:10     | Reached ** piety under Yredelemnul
  4900 | D:10     | Reached skill level 5 in Evocations
  4934 | D:10     | Found a shattered altar of Ashenzari.
  4972 | D:10     | Reached XP level 10. HP: 51/86 MP: 14/14
  5042 | D:10     | Noticed a hill giant
  5068 | D:10     | Reached skill level 10 in Axes
  5096 | D:10     | You fall through a shaft for 3 floors!
  5097 | D:13     | WTF
  5270 | D:13     | Noticed a hill giant
  5279 | D:13     | Killed a hill giant
  5320 | D:12     | Noticed a green ugly thing
  5399 | D:13     | Reached skill level 5 in Dodging
  5485 | D:13     | Noticed a skeletal warrior
  5485 | D:13     | Noticed a skeletal warrior
  5523 | D:12     | Noticed a centaur warrior
  5524 | D:12     | Noticed a gargoyle
  5551 | D:12     | HP: 3/86 [centaur warrior (12)]
  5553 | D:12     | Killed a centaur warrior
  5553 | D:12     | Reached skill level 11 in Axes
  5598 | D:12     | Noticed a hill giant
  5602 | D:12     | Killed a hill giant
  5633 | D:12     | Noticed a cyclops
  5654 | D:12     | Killed a cyclops
  5654 | D:12     | Reached XP level 11. HP: 25/94 MP: 17/17
  5786 | D:12     | Gained mutation: Your muscles are strong. (Str +2) [mutagenic meat]
  5787 | D:12     | Gained mutation: You occasionally shout uncontrollably at your foes. [mutagenic meat]
  5789 | D:12     | Gained mutation: You are frail (-10% HP). [mutagenic meat]
  5820 | D:12     | Found a flagged portal.
  5825 | Bailey   | Entered a bailey
  6121 | Bailey   | Noticed an orc knight
  6121 | Bailey   | Noticed an orc knight
  6123 | Bailey   | Noticed an orc knight
  6140 | Bailey   | Noticed an orc knight
  6158 | Bailey   | Reached *** piety under Yredelemnul
  6276 | Bailey   | no cpa
  6276 | Bailey   | :(
  6312 | Bailey   | Killed an orc knight
  6539 | D:12     | Killed a cyan ugly thing
  6643 | D:12     | :)
  6644 | D:12     | gg
  6651 | D:12     | Noticed a deep elf mage
  6709 | D:13     | Found a gate to the Vaults.
  6709 | D:13     | Noticed Donald
  6709 | D:13     | Noticed a skeletal warrior
  6709 | D:13     | Noticed Rupert
  6743 | D:12     | Reached skill level 12 in Axes
  6894 | D:12     | Got a transparent ivory ring
  6897 | D:12     | Identified the ring of Xom's Recklessness {rF+ rC+ rN+ Dex+6 Stlth-} (You found it on level 12 of the Dungeon)
  6913 | D:11     | XOM
  6936 | D:11     | Reached skill level 10 in Invocations
  7143 | D:11     | Reached **** piety under Yredelemnul
  7212 | D:11     | Found a labyrinth entrance.
  7220 | Lab      | Entered a labyrinth
  7298 | Lab      | Reached XP level 12. HP: 56/93 MP: 19/19
  7433 | Lab      | Noticed a minotaur
  7456 | Lab      | Killed a minotaur
  7456 | Lab      | Reached skill level 13 in Axes
  7480 | Lab      | Turgon: wow
  7480 | Lab      | Turgon: +1 slay!
  7481 | Lab      | Gained mutation: You have supernaturally acute eyesight. [potion of mutation]
  7481 | Lab      | Gained mutation: You tend to lose your temper in combat. [potion of mutation]
  7481 | Lab      | Gained mutation: You have an increased reservoir of magic (+10% MP). [potion of mutation]
  7484 | Lab      | 4thArraOfDagon: yea
  7484 | Lab      | 4thArraOfDagon: got -3 nother time here
  7643 | D:9      | Received a gift from Yredelemnul
  7666 | D:9      | Found Nenak's Food Emporium.
  7854 | D:9      | Found a staircase to the Lair.
  7986 | D:10     | Received a gift from Yredelemnul
  8310 | D:12     | Found a staircase to the Orcish Mines.
  8331 | Orc:1    | Entered Level 1 of the Orcish Mines
  8331 | Orc:1    | Noticed Harold
  8352 | Orc:1    | Killed Harold
  8383 | Orc:2    | Entered Level 2 of the Orcish Mines
  8390 | Orc:1    | Received a gift from Yredelemnul
  8508 | Orc:1    | Noticed Maud
  8533 | Orc:1    | Killed Maud
  8606 | Orc:1    | Received a gift from Yredelemnul
  8726 | Orc:2    | Received a gift from Yredelemnul
  8799 | Orc:2    | Found a roughly hewn altar of Beogh.
  8799 | Orc:2    | Noticed an orc warlord
  8820 | Orc:2    | Killed an orc warlord
  8914 | Orc:2    | Reached skill level 14 in Axes
  8917 | Orc:2    | Reached XP level 13. HP: 101/101 MP: 24/24
  8971 | Orc:2    | Found Ohomuyn's Distillery.
  8993 | Orc:2    | Bought a potion of curing for 30 gold pieces
  8993 | Orc:2    | Bought a potion of curing for 30 gold pieces
  8993 | Orc:2    | Bought a potion of curing for 30 gold pieces
  8993 | Orc:2    | Bought a potion of heal wounds for 50 gold pieces
  8993 | Orc:2    | Bought a potion of heal wounds for 50 gold pieces
  8993 | Orc:2    | Bought a potion of heal wounds for 50 gold pieces
  9018 | Orc:2    | Found Xeorgh's Antique Armour Shoppe.
  9083 | Orc:2    | Bought an encrusted scale mail for 225 gold pieces
  9083 | Orc:2    | Bought a crude ring mail for 225 gold pieces
  9093 | Orc:2    | Identified the +4 scale mail of Death Resistance {rC- Int+7 Dex+9} (You bought it in a shop on level 2 of the Orcish Mines)
  9103 | Orc:2    | Identified the +5 ring mail of Liberty {rN+ rCorr} (You bought it in a shop on level 2 of the Orcish Mines)
  9197 | Orc:2    | Reached skill level 10 in Fighting
  9259 | Orc:2    | 4thArraOfDagon: bbs
  9259 | Orc:2    | 4thArraOfDagon: gotta
  9259 | Orc:2    | 4thArraOfDagon: go
  9259 | Orc:2    | 4thArraOfDagon: :SS
  9259 | Orc:2    | 4thArraOfDagon: jacque
  9259 | Orc:2    | 4thArraOfDagon: oke?
  9259 | Orc:2    | Upgraded the game from 0.18-a0-993-g4a3b7c7 to 0.18-a0-998-gcb3fcb1
  9310 | Orc:2    | Received a gift from Yredelemnul
  9482 | Orc:2    | Received a gift from Yredelemnul
  9619 | Orc:2    | Noticed an orc warlord
  9645 | Orc:2    | Killed an orc warlord
  9674 | Orc:2    | Received a gift from Yredelemnul
  9709 | Orc:2    | Found a staircase to the Elven Halls.
  9816 | Orc:2    | Identified the Tome of Darkness
  9869 | Orc:2    | Found a roughly hewn altar of Beogh.
  9902 | Orc:2    | Found Omyny's Book Emporium.
  9912 | Orc:2    | Reached ***** piety under Yredelemnul
 10066 | Orc:2    | Found Unealamp's Gadget Shop.
 10308 | Elf:1    | Entered Level 1 of the Elven Halls
 10357 | Orc:2    | meh
 10357 | Orc:2    | forgot about that
 10510 | Lair:1   | Entered Level 1 of the Lair of Beasts
 10565 | Lair:1   | Identified the Volume of Creative Battle Magic
 10676 | Lair:1   | Reached skill level 15 in Axes
 10795 | Lair:2   | Received a gift from Yredelemnul
 10818 | Lair:2   | Received a gift from Yredelemnul
 11007 | Lair:3   | Received a gift from Yredelemnul
 11030 | Lair:3   | Reached XP level 14. HP: 109/109 MP: 26/26
 11221 | Lair:3   | Received a gift from Yredelemnul
 11358 | Lair:4   | Lost mutation: You are dopey. (Int -2) [potion of cure mutation]
 11358 | Lair:4   | Lost mutation: You have sharp toenails. [potion of cure mutation]
 11358 | Lair:4   | Lost mutation: You tend to lose your temper in combat. [potion of cure mutation]
 11358 | Lair:4   | Lost mutation: Your muscles are strong. (Str +2) [potion of cure mutation]
 11418 | Lair:4   | sry
 11434 | Lair:4   | Identified a scroll of acquirement
 11435 | Lair:4   | Got a shimmering hat
 11441 | Lair:4   | Identified the +1 hat of Supple Strength {rF- rN+ Regen+ Slay+6} (You acquired it on level 4 of the Lair of Beasts)
 11441 | Lair:4   | hmmm
 11564 | Lair:5   | Received a gift from Yredelemnul
 11642 | Lair:5   | Found a hole to the Spider Nest.
 11714 | Lair:5   | Noticed Nessos
 11731 | Lair:5   | Killed Nessos
 11784 | Lair:5   | Gained mutation: Your system is resistant to poisons. [potion of mutation]
 11784 | Lair:5   | Gained mutation: You are resistant to hostile enchantments. [potion of mutation]
 11784 | Lair:5   | Gained mutation: You are dopey. (Int -2) [potion of mutation]
 11994 | Lair:6   | Found a snail-covered altar of Cheibriados.
 12130 | Lair:6   | Reached skill level 10 in Armour
 12199 | Lair:6   | Found a staircase to the Shoals.
 12205 | Lair:6   | Learned a level 2 spell: Cure Poison
 12254 | Lair:7   | Received a gift from Yredelemnul
 12368 | Lair:7   | Reached skill level 16 in Axes
 12373 | Lair:7   | Reached skill level 1 in Poison Magic
 12428 | Lair:7   | Learned a level 2 spell: Stoneskin
 12560 | Lair:7   | Found a dark tunnel.
 12565 | Volcano  | Entered a volcano
 12759 | Lair:8   | Entered Level 8 of the Lair of Beasts
 12903 | Lair:8   | Kolbur: hm, not clearing the dragon vault?
 12903 | Lair:8   | 4thArraOfDagon: hi
 12903 | Lair:8   | 4thArraOfDagon: i dont know
 12903 | Lair:8   | Kolbur: hey :D
 12903 | Lair:8   | 4thArraOfDagon: ill probably kill the dragon
 12903 | Lair:8   | 4thArraOfDagon: idk
 12914 | Lair:8   | Received a gift from Yredelemnul
 12919 | Lair:8   | Kolbur: interesting hat
 13020 | Lair:8   | 4thArraOfDagon: yea
 13020 | Lair:8   | 4thArraOfDagon: its quite nice
 13020 | Lair:8   | 4thArraOfDagon: also i like the armor
 13020 | Lair:8   | 4thArraOfDagon: but it completely depletes my resistances!
 13068 | Lair:8   | Kolbur: armour of chei
 13075 | Lair:8   | 4thArraOfDagon: got the boots!
 13115 | Lair:8   | Kolbur: i wonder if there ever was a item with 20+ stats
 13159 | Lair:8   | Received a gift from Yredelemnul
 13190 | Lair:8   | 4thArraOfDagon: total +20?
 13190 | Lair:8   | 4thArraOfDagon: possible
 13190 | Lair:8   | 4thArraOfDagon: but
 13190 | Lair:8   | 4thArraOfDagon: it would have to have at least two bad attributes as well i guess
 13212 | Lair:8   | Reached skill level 15 in Invocations
 13217 | Lair:8   | Kolbur: did you just rebrand?
 13246 | Lair:8   | 4thArraOfDagon: what
 13246 | Lair:8   | 4thArraOfDagon: axe?
 13255 | Lair:8   | 4thArraOfDagon: it was in orc halls
 13299 | Lair:8   | Kolbur: ah nvm
 13312 | Lair:8   | Reached XP level 15. HP: 117/117 MP: 29/29
 13329 | Lair:8   | Received a gift from Yredelemnul
 13516 | Lair:7   | 4thArraOfDagon: i go check elven halls
 13516 | Lair:7   | 4thArraOfDagon: what ya think
 13531 | Lair:7   | 4thArraOfDagon: or not a good idea?
 13531 | Lair:7   | Kolbur: i don't really know the new elf
 13531 | Lair:7   | 4thArraOfDagon: its really bad
 13537 | Lair:7   | 4thArraOfDagon: but
 13537 | Lair:7   | 4thArraOfDagon: what else :(
 13537 | Lair:7   | Kolbur: yes i have only skipped it so far
 13537 | Lair:7   | Kolbur: spider?
 13537 | Lair:7   | 4thArraOfDagon: spider?hmmm
 13618 | Spider:1 | Entered Level 1 of the Spider Nest
 13653 | Spider:1 | Noticed an emperor scorpion
 13661 | Spider:1 | Kolbur: lol
 13669 | Spider:1 | Killed an emperor scorpion
 13671 | Spider:1 | Kolbur: first spider enemy
 13690 | Spider:1 | Kolbur: emperor scorpion
 13798 | Spider:2 | 4thArraOfDagon: its ok
 13798 | Spider:2 | 4thArraOfDagon: with a backup like this
 13812 | Spider:2 | Received a gift from Yredelemnul
 13815 | Spider:2 | Kolbur: yeah and vamp axe
 13838 | Spider:2 | Identified the Grimoire of Good Luck (You found it on level 2 of the Spider Nest)
 13842 | Spider:2 | Learned a level 2 spell: Song of Slaying
 13928 | Spider:2 | Reached skill level 1 in Charms
 14122 | Spider:2 | Received a gift from Yredelemnul
 14183 | Spider:3 | Noticed Mara
 14190 | Spider:3 | Noticed 4thArraOfDagon's illusion
 14246 | Spider:2 | Reached skill level 17 in Axes
 14516 | Spider:2 | 4thArraOfDagon: how is your kobold?
 14523 | Spider:3 | Noticed Azrael
 14552 | Spider:3 | Kolbur: haven't played the last few days
 14556 | Spider:3 | Got an ancient cloak
 14557 | Spider:3 | Identified the +2 cloak of Fun and Games {Regen+ Int+2} (You found it on level 3 of the Spider Nest)
 14629 | Spider:3 | Noticed Wiglaf
 14650 | Spider:3 | Killed Wiglaf
 14790 | Spider:4 | Entered Level 4 of the Spider Nest
 14808 | Spider:4 | Received a gift from Yredelemnul
 14835 | Spider:4 | Kolbur: hm, invis cloak might acutally be better here
 14890 | Spider:4 | Noticed a ghost moth
 14895 | Spider:4 | Killed a ghost moth
 14971 | Spider:4 | Reached XP level 16. HP: 124/126 MP: 20/30
 14997 | Spider:4 | Received a gift from Yredelemnul
 15111 | Spider:4 | Received a gift from Yredelemnul
 15117 | Spider:4 | Reached skill level 18 in Axes
 15131 | Spider:4 | Gruud: Do you think they want us to do lair + branches before heading to orc + elf? Get rid of any kind of backtracking.
 15186 | Spider:4 | Got a gossamer rune of Zot
 15187 | Spider:4 | 4thArraOfDagon: hmm
 15187 | Spider:4 | Kolbur: not really
 15187 | Spider:4 | 4thArraOfDagon: i never really thought about that
 15187 | Spider:4 | Kolbur: sometimes you can do that
 15187 | Spider:4 | 4thArraOfDagon: i think they intention was to mix up boring elves
 15187 | Spider:4 | 4thArraOfDagon: and shorten orcs also to reduce boredom
 15187 | Spider:4 | Kolbur: but if you can do lair branches it's usually pointless to go to orc afterwards
 15187 | Spider:4 | 4thArraOfDagon: and they achieved this
 15187 | Spider:4 | Kolbur: i like the orc change
 15187 | Spider:4 | 4thArraOfDagon: orc is change is cool
 15187 | Spider:4 | 4thArraOfDagon: in general
 15187 | Spider:4 | 4thArraOfDagon: for every character
 15187 | Spider:4 | Kolbur: elf is a bit to hardcore now imo
 15187 | Spider:4 | 4thArraOfDagon: yea
 15187 | Spider:4 | 4thArraOfDagon: especially for pure-elemental-based characters
 15187 | Spider:4 | 4thArraOfDagon: dancing weapons, elementals are immune to elemental spells :(
 15187 | Spider:4 | Kolbur: elf is where you should go when you lack important stuff, but it needs a lot of stuff itself
 15187 | Spider:4 | 4thArraOfDagon: you have to mix up your arsenal or use hybdrid
 15244 | Spider:4 | Kolbur: yeah, they should introduce some physical immune monsters :D
 15267 | Spider:4 | Received a gift from Yredelemnul
 15323 | Spider:2 | Noticed Kirke
 15330 | Spider:2 | Killed Kirke
 15371 | Spider:1 | 4thArraOfDagon: ohh please
 15371 | Spider:1 | 4thArraOfDagon: you know that devs can read this log :D
 15491 | Spider:1 | Gruud: Well, Kolbur has a point. And it's quite strange that ghosts are harmed by physical objects...
 15513 | Spider:1 | 4thArraOfDagon: hmm
 15513 | Spider:1 | 4thArraOfDagon: yea i have to admit that
 15513 | Spider:1 | Gruud: If elementalists can't have elf, lower crypts could be off limits for weapon users!
 15513 | Spider:1 | 4thArraOfDagon: but on the other side they can harm physical objects
 15513 | Spider:1 | Gruud: Do they harm the physical bodies of our characters, or is it more of a direct soul/spirit attack?
 15519 | Spider:1 | Gruud: And it wouldn't be all ghosts, only the fun ones ;)
 15594 | Lair:5   | 4thArraOfDagon: im after that tbh
 15594 | Lair:5   | 4thArraOfDagon: they should also introduce mindcrafting
 15594 | Lair:5   | Turgon: this already exists in ZAngband
 15594 | Lair:5   | Turgon: There are mindcrafters
 15594 | Lair:5   | 4thArraOfDagon: yea and ADOM
 15594 | Lair:5   | Turgon: Their power growths with levels
 15594 | Lair:5   | 4thArraOfDagon: i think this conception might fit here as well
 15594 | Lair:5   | 4thArraOfDagon: i never played zangband tho
 15636 | Shoals:1 | Entered Level 1 of the Shoals
 15656 | Shoals:1 | Turgon: Charly had a very interesting game today
 15682 | Shoals:1 | Turgon: I saw him when he entered pan with (I think) 5 runes at 10 k turns
 15690 | Shoals:1 | Turgon: DD
 15742 | Shoals:1 | Turgon: Scoring tables told me that he died with 13 runes in Coc:7 after 17 k turns
 15783 | Shoals:1 | Turgon: He's still aiming for #1 score
 15817 | Shoals:1 | 4thArraOfDagon: 5 runes at 10k? :O
 15817 | Shoals:1 | 4thArraOfDagon: wow
 15817 | Shoals:1 | 4thArraOfDagon: just wow man
 15817 | Shoals:1 | Turgon: http://crawl.xtahua.com/crawl/morgue/Charly/morgue-Charly-20160105-195911.txt
 15817 | Shoals:1 | 4thArraOfDagon: this deserves praise
 15817 | Shoals:1 | Turgon: And he had no ring telep when he entered pan
 15817 | Shoals:1 | Turgon: Saved turns with passwall!
 15817 | Shoals:1 | 4thArraOfDagon: wow
 15817 | Shoals:1 | Turgon: ok, 4 runes when entering pan
 15817 | Shoals:1 | 4thArraOfDagon: really, it happened today?
 15817 | Shoals:1 | Turgon: yes
 15817 | Shoals:1 | 4thArraOfDagon: i missed that, fuck
 15817 | Shoals:1 | Turgon: Well, Makh altar after 300 turns
 15817 | Shoals:1 | Turgon: Very good mutation roulette
 15817 | Shoals:1 | 4thArraOfDagon: i can see
 15817 | Shoals:1 | 4thArraOfDagon: hmm
 15817 | Shoals:1 | 4thArraOfDagon: best ring i've ever seen
 15817 | Shoals:1 | 4thArraOfDagon: and even +stlth
 15817 | Shoals:1 | Turgon: Yes, nice one
 15817 | Shoals:1 | Gruud: 5+ resist without drawbacks
 15817 | Shoals:1 | Turgon: I didn't see his death.
 15817 | Shoals:1 | 4thArraOfDagon: this is possibly best ring ever spawned
 15817 | Shoals:1 | Turgon: So morgue says he was confused in Coc:7
 15817 | Shoals:1 | Turgon: ... and killed
 15817 | Shoals:1 | 4thArraOfDagon: coq
 15817 | Shoals:1 | Gruud: two *conf items, is that triggered on taking them off/on, or when damaged?
 15817 | Shoals:1 | 4thArraOfDagon: damaged
 15817 | Shoals:1 | 4thArraOfDagon: but
 15817 | Shoals:1 | 4thArraOfDagon: in coc you can expect everything
 15817 | Shoals:1 | 4thArraOfDagon: experience teached me that
 15817 | Shoals:1 | 4thArraOfDagon: no matter what resists and hp
 15817 | Shoals:1 | Turgon: But this early start!
 15817 | Shoals:1 | Turgon:
   305 | D:4      | Became a worshipper of Makhleb the Destroyer
   322 | D:4      | Gained mutation: You are partially covered in rugged brown scales (AC +1, +3% HP). [potion of mutation]
   322 | D:4      | Gained mutation: You are agile. (Dex +2) [potion of mutation]
   322 | D:4      | Gained mutation: You are partially covered in rough black scales (AC +4, Dex -1). [potion of mutation]
 15817 | Shoals:1 | 4thArraOfDagon: fiends+shrikes tear you apart
 15817 | Shoals:1 | 4thArraOfDagon: yep
 15817 | Shoals:1 | Turgon: 305 Makh, 322 three great muts
 15817 | Shoals:1 | 4thArraOfDagon: the key to top score is early game
 15817 | Shoals:1 | Turgon: yes
 15817 | Shoals:1 | 4thArraOfDagon: with rest you go with the flow of game
 15817 | Shoals:1 | Turgon: This includes start scumming unfortunately
 15817 | Shoals:1 | 4thArraOfDagon: yea
 15817 | Shoals:1 | 4thArraOfDagon: massive scumming
 15817 | Shoals:1 | Gruud: 17784 wonder what happened there, based on his comment entry
 15817 | Shoals:1 | 4thArraOfDagon: or just
 15817 | Shoals:1 | 4thArraOfDagon: roll that kind of game once in a lifetime
 15817 | Shoals:1 | Turgon: Gruud: probably confused and seeing his death coming
 15817 | Shoals:1 | 4thArraOfDagon: man
 15817 | Shoals:1 | Turgon: This should be a very nasty (russian?) expressian
 15817 | Shoals:1 | Turgon: expression*
 15817 | Shoals:1 | Gruud: that death was 120 turns later
 15817 | Shoals:1 | 4thArraOfDagon: i feel so sorry for this game, it could be top score
 15817 | Shoals:1 | Gruud: Polish iirc
 15817 | Shoals:1 | Gruud: same as F
 15817 | Shoals:1 | 4thArraOfDagon: what are you talking about
 15817 | Shoals:1 | Turgon: Charly is from Poland as well?
 15817 | Shoals:1 | 4thArraOfDagon: im polish
 15817 | Shoals:1 | Gruud: kurwa
 15817 | Shoals:1 | 4thArraOfDagon: ohh
 15817 | Shoals:1 | 4thArraOfDagon: yeah
 15817 | Shoals:1 | Gruud: his entry 120 turns before death
 15817 | Shoals:1 | Turgon: And this either means "hurray" or "shit"
 15817 | Shoals:1 | 4thArraOfDagon: yep
 15817 | Shoals:1 | Turgon: 2nd one, right?
 15817 | Shoals:1 | 4thArraOfDagon: but at that stage it mean FUCK
 15817 | Shoals:1 | 4thArraOfDagon: it is also sometimes used as coma ;)
 15817 | Shoals:1 | Turgon: I didn't know he was from Poland
 15817 | Shoals:1 | Turgon: Maybe 2nd account of Bart?
 15817 | Shoals:1 | 4thArraOfDagon: it doesn't matter i guess
 15817 | Shoals:1 | 4thArraOfDagon: charly is really great player,man, i should look to that game more closely
 15817 | Shoals:1 | Turgon: :-)
 15817 | Shoals:1 | Turgon: Well, he kind of specialized in DD I think
 15817 | Shoals:1 | 4thArraOfDagon: when i recover from winter-time-stagnation one day
 15817 | Shoals:1 | Turgon: :-)
 15817 | Shoals:1 | Turgon: That will happen in 2 or 3 months
 15817 | Shoals:1 | 4thArraOfDagon: the snow covered all streets today, 1st time in this winter
 15817 | Shoals:1 | 4thArraOfDagon: how is the weather in your place ?
 15817 | Shoals:1 | 4thArraOfDagon: shiny?
 15817 | Shoals:1 | Turgon: > 0
 15823 | Shoals:1 | Turgon: Yesterday we had snow
 15827 | Shoals:1 | 4thArraOfDagon: no way
 15827 | Shoals:1 | Turgon: But temperatures get better
 15827 | Shoals:1 | 4thArraOfDagon: strange
 15827 | Shoals:1 | 4thArraOfDagon: snow with positive temperatures
 15836 | Shoals:1 | Received a gift from Yredelemnul
 15853 | Shoals:1 | Turgon: no, no snow any longer
 15875 | Shoals:1 | Reached ****** piety under Yredelemnul
 16186 | Shoals:2 | Received a gift from Yredelemnul
 16204 | Shoals:2 | demolish squad online
 16279 | Shoals:2 | 4thArraOfDagon: hmm
 16366 | Shoals:2 | Reached skill level 19 in Axes
 16400 | Shoals:2 | Noticed Polyphemus
 16416 | Shoals:2 | Killed Polyphemus
 16552 | Shoals:3 | Learned a level 5 spell: Phase Shift
 16617 | Shoals:3 | Reached skill level 10 in Dodging
 16745 | Shoals:3 | Received a gift from Yredelemnul
 16808 | Shoals:3 | Reached XP level 17. HP: 135/135 MP: 32/32
 16809 | Shoals:3 | Received a gift from Yredelemnul
 16900 | Shoals:4 | Entered Level 4 of the Shoals
 16956 | Shoals:4 | Reached skill level 5 in Translocations
 16981 | Shoals:4 | Got a dazzling steam dragon armour
 17012 | Shoals:3 | Identified the +3 steam dragon armour "Haqahiewo" {rElec MP+9 Str-2 Int+3} (You found it on level 4 of the Shoals)
 17165 | Shoals:4 | Got a barnacled rune of Zot
 17194 | Shoals:4 | Noticed Ilsuiw
 17202 | Shoals:4 | Killed Ilsuiw
 17699 | Lair:6   | Found a viscous altar of Jiyva.
 17704 | Lair:6   | Found a staircase to the Slime Pits.
 17738 | Slime:1  | Entered Level 1 of the Pits of Slime
 17744 | Slime:1  | Noticed an acid blob
 17750 | Slime:1  | Killed an acid blob
 17834 | Slime:3  | Received a gift from Yredelemnul
 17891 | Slime:5  | Noticed an acid blob
 17896 | Slime:5  | Received a gift from Yredelemnul
 17902 | Slime:5  | Killed an acid blob
 17946 | Slime:5  | 4thArraOfDagon: im dead tired
 17946 | Slime:5  | 4thArraOfDagon: do you think its good idea to go trj now
 17946 | Slime:5  | 4thArraOfDagon: lets find out
 17947 | Slime:6  | Entered Level 6 of the Pits of Slime
 17955 | Slime:6  | Noticed an acid blob
 18000 | Slime:5  | Reached skill level 20 in Axes
 18018 | Slime:6  | Noticed an acid blob
 18021 | Slime:6  | Killed an acid blob
 18025 | Slime:6  | Noticed an acid blob
 18027 | Slime:6  | Killed an acid blob
 18033 | Slime:6  | Killed an acid blob
 18099 | Slime:6  | Noticed the Royal Jelly
 18100 | Slime:6  | Gruud: Will immolation work with all your minions there?
 18118 | Slime:6  | Noticed an acid blob
 18122 | Slime:6  | 4thArraOfDagon: yea
 18124 | Slime:6  | Killed an acid blob
 18124 | Slime:6  | Killed the Royal Jelly
 18124 | Slime:6  | Noticed an acid blob
 18124 | Slime:6  | Noticed an acid blob
 18124 | Slime:6  | Noticed an acid blob
 18124 | Slime:6  | Noticed an acid blob
 18126 | Slime:6  | Killed an acid blob
 18130 | Slime:6  | Killed an acid blob
 18132 | Slime:6  | Killed a bone dragon
 18220 | Slime:5  | Killed a profane servitor
 18240 | Slime:5  | 4thArraOfDagon: lol he paralysed bone dragon
 18282 | Slime:6  | Noticed an acid blob
 18304 | Slime:6  | Killed an acid blob
 18304 | Slime:6  | Reached XP level 18. HP: 126/144 MP: 33/33
 18346 | Slime:6  | Gruud: is that a dancing man in a turban in one of the vault rooms?
 18360 | Slime:6  | Got a translucent iron ring
 18361 | Slime:6  | 4thArraOfDagon: yea
 18361 | Slime:6  | 4thArraOfDagon: xom chesspiece
 18361 | Slime:6  | 4thArraOfDagon: really great item
 18363 | Slime:6  | Identified the cursed ring of Nafibb {rElec rN+ Str+4 Int-2} (You found it on level 6 of the Pits of Slime)
 18429 | Slime:6  | Learned a level 2 spell: Sublimation of Blood
 18445 | Slime:6  | Got a slimy rune of Zot
 18452 | Slime:6  | Learned a level 2 spell: Repel Missiles
 18455 | Slime:6  | Learned a level 2 spell: Swiftness
 18542 | Lair:6   | 4thArraOfDagon: ok im out for today
 18542 | Lair:6   | 4thArraOfDagon: thanks for visiting!
 18542 | Lair:6   | Gruud: Good night
 18542 | Lair:6   | 4thArraOfDagon: nighty night
 18542 | Lair:6   | Upgraded the game from 0.18-a0-998-gcb3fcb1 to 0.18-a0-1014-g3bbf375
 18836 | Elf:1    | Found a radiant altar of Vehumet.
 18855 | Elf:1    | Received a gift from Yredelemnul
 18906 | Elf:1    | Reached skill level 5 in Spellcasting
 19143 | Elf:2    | Received a gift from Yredelemnul
 19204 | Elf:2    | Received a gift from Yredelemnul
 19258 | Elf:2    | Found a huge runed gate.
 19258 | Elf:2    | Found a huge runed gate.
 19258 | Elf:2    | Found a huge runed gate.
 19258 | Elf:2    | Found a huge runed gate.
 19258 | Elf:2    | Found a huge runed gate.
 19363 | Elf:3    | Entered Level 3 of the Elven Halls
 19393 | Elf:3    | Noticed Aizul
 19398 | Elf:3    | Killed Aizul
 19409 | Elf:3    | Cast into level 3 of the Abyss (a deep elf demonologist)
 19445 | Abyss:3  | Noticed a hellephant
 19448 | Abyss:3  | Got an abyssal rune of Zot
 19461 | Elf:3    | Escaped the Abyss
 19462 | Elf:3    | hmm
 19462 | Elf:3    | new record?
 19579 | Elf:3    | Noticed a deep elf blademaster
 19625 | Elf:3    | Gained mutation: You are very frail (-20% HP). [a cacodemon]
 19630 | Elf:3    | Lost mutation: You have supernaturally acute eyesight. [potion of cure mutation]
 19630 | Elf:3    | Lost mutation: You have an increased reservoir of magic (+10% MP). [potion of cure mutation]
 19630 | Elf:3    | Lost mutation: You are very frail (-20% HP). [potion of cure mutation]
 19630 | Elf:3    | Lost mutation: Your system is resistant to poisons. [potion of cure mutation]
 19631 | Elf:3    | Lost mutation: You are frail (-10% HP). [potion of cure mutation]
 19631 | Elf:3    | Lost mutation: You occasionally shout uncontrollably at your foes. [potion of cure mutation]
 19631 | Elf:3    | Lost mutation: You are resistant to hostile enchantments. [potion of cure mutation]
 19631 | Elf:3    | Lost mutation: You are dopey. (Int -2) [potion of cure mutation]
 19644 | Elf:3    | Noticed a deep elf blademaster
 19656 | Elf:3    | Killed a deep elf blademaster
 19680 | Elf:3    | Noticed a deep elf master archer
 19684 | Elf:3    | Killed a deep elf blademaster
 19686 | Elf:3    | Noticed a Shadow Fiend
 19688 | Elf:3    | Killed a deep elf master archer
 19694 | Elf:3    | Reached skill level 15 in Fighting
 19703 | Elf:3    | Received a gift from Yredelemnul
 19765 | Elf:3    | Noticed a deep elf master archer
 19775 | Elf:3    | Killed a deep elf master archer
 19783 | Elf:3    | Noticed Saint Roka
 19796 | Elf:3    | Killed Saint Roka
 19873 | Elf:3    | Got a pitted sapphire amulet
 19874 | Elf:3    | Identified the amulet of Umomir {Dismiss rC+ Int+4 SInv} (You took it off an orc warrior on level 3 of the Elven Halls)
 19950 | Elf:3    | Identified the Catalogue of Enhancements (You found it on level 3 of the Elven Halls)
 19954 | Elf:3    | Identified the Reference Book on Flamy Battle Magic (You found it on level 3 of the Elven Halls)
 20063 | Elf:3    | Received a gift from Yredelemnul
 20134 | Elf:3    | Got a slimy tin ring
 20135 | Elf:3    | Identified the ring "Xaurimi" {rN+ MR- Str+5 Dex+6} (You took it off a deep elf demonologist on level 3 of the Elven Halls)
 20181 | Elf:3    | Cast into level 2 of the Abyss (a wizard)
 20209 | Abyss:2  | Gained mutation: You occasionally shout uncontrollably at your foes. [a neqoxec]
 20239 | Elf:3    | Escaped the Abyss
 20273 | Elf:3    | Reached XP level 19. HP: 159/170 MP: 31/31
 20396 | Elf:1    | Received a gift from Yredelemnul
 20671 | D:13     | Killed Donald
 20672 | D:13     | Received a gift from Yredelemnul
 20673 | D:13     | Killed Rupert
 20769 | D:13     | Learned a level 6 spell: Haste
 20889 | D:14     | Reached skill level 21 in Axes
 20905 | D:14     | Got a polished cloak
 20906 | D:14     | Identified the +0 cloak "Ileyxzy" {MR+ rCorr Int+3} (You found it on level 14 of the Dungeon)
 20971 | D:14     | Received a gift from Yredelemnul
 21262 | D:14     | Found a frozen archway.
 21276 | IceCv    | Entered an ice cave
 21392 | IceCv    | Received a gift from Yredelemnul
 21571 | D:15     | Entered Level 15 of the Dungeon
 21582 | D:15     | Noticed Josephine
 21600 | D:15     | Killed Josephine
 21600 | D:15     | Received a gift from Yredelemnul
 21629 | D:15     | Found a staircase to the Depths.
 21699 | D:15     | Found a shadowy altar of Dithmenos.
 21940 | Vaults:1 | Entered Level 1 of the Vaults
 22127 | Vaults:1 | Received a gift from Yredelemnul
 22277 | Vaults:1 | Reached skill level 5 in Charms
 22336 | Vaults:1 | Cast into level 2 of the Abyss (a deep elf demonologist)
 22349 | Abyss:2  | Got a polished chain mail
 22350 | Abyss:2  | Identified the +6 chain mail "Holeudat" {MR+ SInv Stlth+} (You found it on level 2 of the Abyss)
 22359 | Vaults:1 | Escaped the Abyss
 22567 | Vaults:1 | Received a gift from Yredelemnul
 22672 | Vaults:2 | Reached XP level 20. HP: 133/179 MP: 26/32
 22789 | Vaults:2 | Received a gift from Yredelemnul
 22980 | Vaults:2 | Found a staircase to the Crypt.
 22980 | Vaults:2 | Found a basalt altar of Yredelemnul.
 22981 | Vaults:2 | Found an ancient bone altar of Kikubaaqudgha.
 22999 | Vaults:2 | Got a crude chain mail
 23090 | Vaults:3 | Identified Cieff's Incunabulum of the Boosting Glacier (You found it on level 3 of the Vaults)
 23111 | Vaults:3 | Identified the +3 chain mail of Weightlessness {rF+++ rC- MR+ rCorr} (You found it on level 2 of the Vaults)
 23413 | Vaults:3 | Received a gift from Yredelemnul
 23627 | Vaults:3 | Gained mutation: Your flesh is heat resistant. [potion of beneficial mutation]
 23764 | Vaults:2 | Noticed Jorgrun
 23772 | Vaults:2 | Killed Jorgrun
 23777 | Vaults:2 | Reached skill level 22 in Axes
 24056 | Vaults:4 | Noticed Frederick
 24072 | Vaults:4 | Killed Frederick
 24149 | Vaults:4 | Received a gift from Yredelemnul
 24226 | Vaults:5 | Entered Level 5 of the Vaults
 24226 | Vaults:5 | Noticed nublet's ghost (veteran OgGl)
 24227 | Vaults:5 | uhhh
 24241 | Vaults:4 | Reached XP level 21. HP: 172/187 MP: 34/34
 24384 | Vaults:5 | Received a gift from Yredelemnul
 24437 | Vaults:5 | Noticed a golden dragon
 24456 | Vaults:5 | Killed a golden dragon
 24460 | Vaults:5 | Noticed a golden dragon
 24474 | Vaults:5 | Killed a golden dragon
 24539 | Vaults:5 | Got an ichor-stained steam dragon armour
 24540 | Vaults:5 | Identified the cursed +1 steam dragon armour of the Accordion {-Cast Int+5} (You found it on level 5 of the Vaults)
 24618 | Vaults:5 | Received a gift from Yredelemnul
 24677 | Vaults:5 | Received a gift from Yredelemnul
 24758 | Vaults:5 | Noticed an ancient lich
 24869 | Vaults:5 | Received a gift from Yredelemnul
 25155 | Vaults:5 | Received a gift from Yredelemnul
 25185 | Vaults:5 | 4thArraOfDagon: hi
 25233 | Vaults:5 | Reached XP level 22. HP: 175/196 MP: 35/35
 25298 | Vaults:5 | Got a distressingly furry chain mail
 25299 | Vaults:5 | Identified the cursed +0 chain mail of Pudghihi {Str+3} (You found it on level 5 of the Vaults)
 25302 | Vaults:5 | Identified Sif Muna's Papyrus of Greatest Risks and Utility (You found it on level 5 of the Vaults)
 25332 | Vaults:5 | Received a gift from Yredelemnul
 25454 | Vaults:5 | Received a gift from Yredelemnul
 25508 | Vaults:5 | Reached skill level 23 in Axes
 25783 | Vaults:5 | Got a silver rune of Zot
 25811 | Vaults:5 | Received a gift from Yredelemnul
 25877 | Vaults:5 | Reached skill level 15 in Armour
 25903 | Vaults:5 | Identified the Papyrus of Blistering Attacks (You found it on level 5 of the Vaults)
 25979 | Vaults:5 | Killed an ancient lich
 25981 | Vaults:5 | Killed nublet's ghost
 26140 | Vaults:5 | Learned a level 8 spell: Controlled Blink
 26339 | Vaults:4 | Received a gift from Yredelemnul
 26475 | Vaults:3 | Reached skill level 10 in Charms
 26605 | Crypt:1  | Entered Level 1 of the Crypt
 26855 | Crypt:3  | Entered Level 3 of the Crypt
 27193 | Crypt:3  | Reached XP level 23. HP: 166/204 MP: 37/37
 27254 | Crypt:3  | Reached skill level 10 in Spellcasting
 27444 | Crypt:3  | Noticed an ancient lich
 27457 | Crypt:3  | Killed an ancient lich
 27538 | Crypt:3  | Identified Sif Muna's Almanac of Companions and Air (You found it on level 3 of the Crypt)
 27540 | Crypt:3  | Identified Soqiestre's Guide on the Spatial Mountains (You found it on level 3 of the Crypt)
 27836 | Crypt:3  | Noticed Xtahua
 27843 | Crypt:3  | Killed Xtahua
 28070 | Crypt:3  | Found a staircase to the Tomb.
 28078 | Tomb:1   | Entered Level 1 of the Tomb of the Ancients
 28169 | Tomb:1   | Received a gift from Yredelemnul
 28228 | Tomb:1   | Reached skill level 24 in Axes
 28615 | Tomb:1   | Noticed a greater mummy
 28625 | Tomb:1   | Killed a greater mummy
 28851 | Tomb:2   | Noticed a greater mummy
 28853 | Tomb:2   | Noticed an ancient lich
 28857 | Tomb:2   | Noticed a greater mummy
 28858 | Tomb:2   | Noticed a greater mummy
 29226 | Tomb:3   | Entered Level 3 of the Tomb of the Ancients
 29319 | Tomb:3   | Noticed Khufu
 29414 | Tomb:3   | Noticed a greater mummy
 29426 | Tomb:2   | Killed Khufu
 29428 | Tomb:3   | Noticed a greater mummy
 29431 | Tomb:3   | Noticed an ancient lich
 29447 | Tomb:2   | Killed a greater mummy
 29502 | Tomb:2   | Killed a greater mummy
 29502 | Tomb:2   | Reached XP level 24. HP: 190/202 MP: 28/37
 29530 | Tomb:2   | Killed an ancient lich
 29632 | Tomb:3   | Noticed a greater mummy
 29684 | Tomb:3   | Noticed Sojobo
 29685 | Tomb:3   | Noticed a greater mummy
 29810 | Tomb:2   | Killed a greater mummy
 30117 | Tomb:2   | Killed Sojobo
 30118 | Tomb:2   | Received a gift from Yredelemnul
 30274 | Tomb:3   | Kolbur: hi
 30284 | Tomb:2   | Kolbur: how did you get a tengu zombie there?
 30349 | Tomb:2   | 4thArraOfDagon: i animated
 30349 | Tomb:2   | 4thArraOfDagon: sojobo was here
 30353 | Tomb:3   | Kolbur: ahh
 30401 | Tomb:3   | Noticed a greater mummy
 30416 | Tomb:3   | Killed a greater mummy
 30427 | Tomb:3   | Noticed a greater mummy
 30427 | Tomb:3   | Noticed an ancient lich
 30494 | Tomb:3   | Noticed an ancient lich
 30501 | Tomb:2   | Killed an ancient lich
 30614 | Tomb:2   | Killed a greater mummy
 30650 | Tomb:2   | Killed an ancient lich
 30769 | Tomb:3   | Noticed a greater mummy
 30979 | Tomb:2   | Killed a greater mummy
 31040 | Tomb:3   | Killed a greater mummy
 31099 | Tomb:3   | Got a golden rune of Zot
 31153 | Tomb:3   | Got a flickering emerald amulet
 31156 | Tomb:3   | Identified the amulet "Rojaf" {Faith *Corrode rF+ Str+3 Int+4} (You found it on level 3 of the Tomb of the Ancients)
 31161 | Tomb:3   | 4thArraOfDagon: btw
 31161 | Tomb:3   | 4thArraOfDagon: look at this
 31161 | Tomb:3   | 4thArraOfDagon: fastest abyss ever
 31161 | Tomb:3   | Kolbur: lol nice
 31161 | Tomb:3   | Kolbur: 52 turns
 31161 | Tomb:3   | 4thArraOfDagon: i figured
 31161 | Tomb:3   | 4thArraOfDagon: that visiting elves right after lair is ok
 31161 | Tomb:3   | 4thArraOfDagon: since you can get abyssed right into a:3 from there
 31161 | Tomb:3   | 4thArraOfDagon: and i intentionally took off mr just for the rune
 31161 | Tomb:3   | Kolbur: you can force it
 31161 | Tomb:3   | Kolbur: yeah
 31161 | Tomb:3   | Kolbur: how long for elf overall?
 31161 | Tomb:3   | 4thArraOfDagon: 1500
 31161 | Tomb:3   | 4thArraOfDagon: but its yred
 31161 | Tomb:3   | 4thArraOfDagon: its everything but not a speed god :(
 31434 | Vaults:2 | Kolbur: hm, cant you let your dudes deal with the popcorn? that should speed you up a bit
 31434 | Vaults:2 | 4thArraOfDagon: i dont have duded
 31434 | Vaults:2 | 4thArraOfDagon: dudes
 31434 | Vaults:2 | 4thArraOfDagon: wtf
 31442 | Vaults:2 | 4thArraOfDagon: everything dies instantly
 31543 | D:15     | Kolbur: yeah he's weak in the late game
 31543 | D:15     | 4thArraOfDagon: no, he's weak in mid as well
 31543 | D:15     | 4thArraOfDagon: everything gets wrecked
 31543 | D:15     | 4thArraOfDagon: and in late is is horrible
 31543 | D:15     | 4thArraOfDagon: just like you have no god
 31550 | Depths:1 | Entered Level 1 of the Depths
 31550 | Depths:1 | Found a gateway to Hell.
 31743 | Depths:1 | Received a gift from Yredelemnul
 31767 | Depths:1 | Found Zaogahae's Gadget Boutique.
 31848 | Depths:1 | Found a gateway to a ziggurat.
 31848 | Depths:1 | Noticed an ancient lich
 31848 | Depths:1 | Noticed an ancient lich
 31869 | Depths:1 | Found a one-way gate to the infinite horrors of the Abyss.
 31937 | Depths:1 | Found a one-way gate leading to the halls of Pandemonium.
 32018 | Depths:2 | Received a gift from Yredelemnul
 32035 | Depths:2 | 4thArraOfDagon: i cant let them follow me
 32035 | Depths:2 | 4thArraOfDagon: they eat half of my exp :(
 32144 | Depths:2 | Gruud: So, you're saying not only does yred have poor scaling on his gifts, they even make you weaker if you accept them?
 32152 | Depths:2 | Reached XP level 25. HP: 204/204 MP: 38/38
 32197 | Depths:2 | 4thArraOfDagon: yep
 32197 | Depths:2 | 4thArraOfDagon: because they die
 32197 | Depths:2 | 4thArraOfDagon: and before they die
 32197 | Depths:2 | 4thArraOfDagon: they managed to deal enough damage to opponenets to eat 50% of your exp
 32197 | Depths:2 | 4thArraOfDagon: not always 50% but you kno what i mean
 32270 | Depths:2 | Got a crude glass ring
 32271 | Depths:2 | 4thArraOfDagon: but i'm not feeling upset by this
 32271 | Depths:2 | 4thArraOfDagon: its like you can win without god and still have fun
 32271 | Depths:2 | Identified the ring "Plog" {rN+ Str+2} (You found it on level 2 of the Depths)
 32289 | Depths:2 | Gruud: Or you can not win at all, and still have fun :p
 32423 | Depths:2 | Noticed Nikola
 32455 | Depths:2 | 4thArraOfDagon: same feeling with dismisal amu
 32462 | Depths:2 | Killed Nikola
 32599 | Depths:2 | Reached skill level 10 in Translocations
 32646 | Depths:2 | Your ally Nikola died
 32724 | Depths:2 | Received a gift from Yredelemnul
 32947 | Depths:3 | Received a gift from Yredelemnul
 33032 | Depths:3 | strange
 33207 | Depths:4 | Found an opulent altar of Gozag.
 33432 | Depths:4 | Received a gift from Yredelemnul
 33809 | Depths:4 | Received a gift from Yredelemnul
 33917 | Depths:5 | Entered Level 5 of the Depths
 34133 | Depths:5 | Received a gift from Yredelemnul
 34200 | Depths:5 | Received a gift from Yredelemnul
 34293 | Depths:5 | oh fuck
 34325 | Depths:5 | Reached XP level 26. HP: 159/214 MP: 39/39
 34538 | Depths:5 | Found a gate to the Realm of Zot.
 34737 | Depths:5 | Learned a level 3 spell: Regeneration
 34741 | Depths:5 | Learned a level 3 spell: Spectral Weapon
 34787 | Zot:1    | Entered Level 1 of the Realm of Zot
 34808 | Zot:1    | Received a gift from Yredelemnul
 35974 | Zot:4    | Received a gift from Yredelemnul
 36340 | Zot:3    | Received a gift from Yredelemnul
 36351 | Zot:3    | Kolbur: looks like your army is back :)
 36480 | Zot:4    | Reached XP level 27. HP: 179/224 MP: 39/39
 36481 | Zot:4    | 4thArraOfDagon: it is cool for overwhelming dangerous enemies
 36579 | Zot:5    | Entered Level 5 of the Realm of Zot
 36619 | Zot:5    | 4thArraOfDagon: i didnt know shadow drag can be zerked
 36977 | Depths:4 | 4thArraOfDagon: i think its interaction with vamp axe
 36977 | Depths:4 | 4thArraOfDagon: because it crashes when im trying to hit him
 37013 | Depths:4 | Gruud: They also have the ability to throw you, if they only use it on the chaaracter and not your minions that could also be an issue
 37050 | Depths:4 | Received a gift from Yredelemnul
 37084 | Depths:4 | Noticed an iron giant
 37113 | Depths:4 | Killed an iron giant
 37141 | Depths:4 | 4thArraOfDagon: it was interaction with me im quite sure
 37141 | Depths:4 | Gruud: I guess they got server side crash logs, so whatever caused it was logged
 37141 | Depths:4 | 4thArraOfDagon: because it kept crashing when i was trying to hit him
 37141 | Depths:4 | 4thArraOfDagon: yea
 37141 | Depths:4 | 4thArraOfDagon: on czdo i also have game which keeps crashing
 37141 | Depths:4 | 4thArraOfDagon: but for other reason
 37193 | Depths:3 | Gruud: Only had one crash issue, trying to auto-explore a rather fractured map, but that was a browser crash
 37271 | Pan      | Entered Pandemonium
 37335 | Pan      | Found an exit through the horrors of the Abyss.
 37365 | Pan      | Gruud: Well, good luck with your quest to tolerate Yred's presence
 37375 | Pan      | 4thArraOfDagon: ^_^
 37456 | Pan      | Noticed Pith the pandemonium lord
 37464 | Pan      | Killed Pith the pandemonium lord
 37785 | Pan      | Got a demonic rune of Zot
 38007 | Pan      | Gained mutation: Armour fits poorly on your strangely shaped body. [a neqoxec]
 38008 | Pan      | uhh
 38074 | Pan      | Found an exit through the horrors of the Abyss.
 38129 | Pan      | Found an exit through the horrors of the Abyss.
 38277 | Pan      | Gained mutation: You are frail (-10% HP). [a cacodemon]
 38578 | Pan      | Found an exit through the horrors of the Abyss.
 38594 | Pan      | Demolished by an Ice Fiend

Vault maps used:
D:1:      dpeg_arrival_chambers_temple_mockup, minmay_shallow_snake_nest
D:2:      minmay_door_square
D:3:      first_bread, uniq_jessica
D:4:      gammafunk_temple_overflow_statue, portal_sewer_entry_e
D:7:      minmay_temple_entry_hall, grunt_livestock, uniq_crazy_yiuf_cottage,
          uniq_joseph
D:8:      enter_ossuary_5, cheibriados_altar_wand_db
D:9:      lair_0_dummy, serial_shops, shop_coins
D:10:     basic_altar, st_stairs_13
D:11:     lab_entry_generic
D:12:     orc_0_dummy, enter_bailey_3, serial_shops, bzr_entry_road
D:13:     david_vaults_3
D:14:     portal_ice_cave_demonic_guard, enter_trove_6
D:15:     hangedman_depths_entry_try_elsewhere_first, moated_statue,
          nicolae_dithmenos_through_a_glass_darkly, uniq_josephine
Temple:   grunt_circular_temple_18
Lair:1:   minivault_19, serial_bayou_lagoon_b
Lair:2:   pond
Lair:3:   grunt_forest_large_clearing_hut, serial_bayou_shore_b,
          grunt_megastairs_3
Lair:4:   lemuel_fruit_tree
Lair:5:   spider_nest_entry_rubble, uniq_nessos
Lair:6:   shoals_dummy_entry, slime_altar_1, kennysheep_snail_temple,
          bh_autumn_forest_stairs
Lair:7:   nicolae_volcano_entry_s_turn, serial_bayou_shore_a
Lair:8:   hangedman_lair_in_review, guppyfry_lair_end_dragon
Shoals:1: nicolae_shoals_wave_tunnel
Shoals:2: uniq_polyphemus
Shoals:4: shoals_end_grunt_ice, shoals_ilsuiw_ice
Spider:1: uniq_louise, uniq_agnes
Spider:2: uniq_kirke
Spider:3: uniq_azrael, uniq_wiglaf, uniq_donald, uniq_mara
Spider:4: spider_rune_water
Slime:1:  cheibrodos_slime_lost_civilization_4
Orc:1:    uniq_harold, uniq_maud
Orc:2:    pubby_orc_utopia, serial_shops
Elf:1:    eino_elf_arrival_altar, hangedman_elf_disciples, grunt_megastairs_1
Elf:2:    grunt_megastairs_2
Elf:3:    grunt_elf_hall_diamonds, serial_shops, shop, serial_glass,
          glass_columns_b, glass_columns_c, glass_columns_c, grunt_ministairs_1,
          serial_sigils_hangedman_quiver, st_stairs_12, laboratory, uniq_aizul,
          uniq_saint_roka, uniq_asterion
Vaults:1: v_misc_31, vaults_room_octagon, nicolae_vaults_little_squares_5,
          v_misc_30, ontoclasm_vaults_ring_large,
          nicolae_vaults_big_angled_halls, vaults_mumra_minichess_inversion,
          nicolae_vaults_rhombus_5, nicolae_vaults_c_with_doors
Vaults:2: st_greater_box_2, ontoclasm_vaults_tryst, v_misc_9, v_misc_25,
          grunt_vaults_hallway_long, v_misc_14, vaults_dpeg_ring,
          minmay_crypt_entry_necro_gods, uniq_jorgrun
Vaults:3: ontoclasm_vaults_spin, nicolae_vaults_diagonal_hallway_8,
          vaults_room_hallway, st_more_cells, vaults_mumra_hexcomb,
          ontoclasm_vaults_loading_screen, ontoclasm_vaults_claustrophobia,
          grunt_vaults_hallway_long, hangedman_vaults_stretched_pinwheel,
          v_misc_8, nicolae_vaults_little_squares_2, nicolae_vaults_what_the_h,
          ontoclasm_vaults_eye, serial_shops, shop_fountains
Vaults:4: vaults_dpeg_doors, nicolae_vaults_ring_of_whatevers,
          ontoclasm_vaults_decontamination, nicolae_vaults_diagonal_hallway_8,
          nicolae_vaults_ninety_degrees, nicolae_vaults_display_case,
          v_pattern_5, uniq_frederick
Crypt:1:  evilmike_wizard_prison, grunt_crypt_arrival_split
Crypt:2:  grunt_ministairs_2
Crypt:3:  due_elkab, uniq_xtahua
Tomb:1:   uniq_jory
Tomb:3:   uniq_sojobo, uniq_khufu
Depths:1: enter_ziggurat_c, rand_demon_pan_entry_9, hell_entry,
          serial_sigils_hangedman_stare, abyss_entry_crystal, serial_shops,
          shop_coins, nicolae_wwwww, tso_altar
Depths:2: evilmike_horseshoe, pf_coc_iceberg, hangedman_abyss_or_decor_passed,
          grunt_decor_arrowhead, minmay_staircase_windowed_large, firewood_loft,
          uniq_nikola
Depths:3: kennysheep_bubbly, pan_entry, grunt_hell_entry_dis_mu,
          marbit_kobold_abyss_entry, corexii_leaking_fountain,
          minmay_statues_item, uniq_enchantress
Depths:4: minmay_fractal_lines_corner, basic_altar,
          abyss_entry_small_statue_room, hell_entry, minmay_orc_keep,
          infiniplex_staircase_spiral
Depths:5: grunt_zot_entry_bicorn, hell_entry, minmay_room_of_horrors,
          nrook_mini_backslash, hangedman_aviary
Zot:1:    grunt_ministairs_10, st_small_dragon_hoard_5, hangedman_hellfire_club
Zot:4:    lemuel_draconian_sentries_small
Zot:5:    grunt_megastairs_4
Abyss:2:  evilmike_abyss_exit_glass, hangedman_summoners_spam,
          evilmike_abyss_exit_17, evilmike_abyss_exit_16,
          hangedman_abyss_or_decor_clamps
Abyss:3:  evilmike_abyss_rune_elephants
Pan:      grunt_pan_spiral, nicolae_pan_lom_lobonic_1, nicolae_pan_sigil_obb,
          evilmike_mini_pan_branches, evilmike_mini_pan_V,
          evilmike_mini_pan_doors_b, pan_blood_fountain,
          nicolae_pan_mnolegish_5, rand_demon_3, pan_blood_fountain,
          evilmike_mini_pan_pillars
Lab:      nicolae_lab_starburst, lab_statue, nicolae_lab_blocks,
          nicolae_lab_grate_2, nicolae_lab_flowing_pool
Ossuary:  ossuary_zaba_two_paths
Bailey:   bailey_polearm_1, bailey
IceCv:    ice_cave_small_giant
Volcano:  volcano_village

Action                   |  1- 3 |  4- 6 |  7- 9 | 10-12 | 13-15 | 16-18 | 19-21 | 22-24 | 25-27 || total
-------------------------+-------+-------+-------+-------+-------+-------+-------+-------+-------++-------
Melee: Dagger            |    97 |    19 |       |       |       |       |       |       |       ||   116
       Whip              |       |    88 |   518 |   269 |       |       |       |       |       ||   875
       Hand axe          |       |       |       |    12 |       |       |       |       |       ||    12
       Battleaxe         |       |       |       |   395 |  1138 |   766 |  1144 |  1348 |  1581 ||  6372
 Fire: Blowgun           |       |       |     4 |       |       |       |       |       |       ||     4
Throw: Throwing net      |       |       |       |     1 |     1 |       |       |       |       ||     2
 Cast: Blink             |       |       |       |     4 |       |       |     1 |       |       ||     5
       Apportation       |       |       |       |       |    76 |    85 |    47 |    55 |    31 ||   294
       Cure Poison       |       |       |       |       |     2 |     4 |     5 |     6 |    17 ||    34
       Repel Missiles    |       |       |       |       |       |       |     1 |     1 |     5 ||     7
       Haste             |       |       |       |       |       |       |       |     5 |       ||     5
       Passage of Golubr |       |       |       |       |       |       |       |     1 |       ||     1
       Spectral Weapon   |       |       |       |       |       |       |       |       |    10 ||    10
       Regeneration      |       |       |       |       |       |       |       |       |    40 ||    40
Invok: Recall Undead Sla |       |       |       |     1 |     4 |    14 |     3 |     6 |     4 ||    32
       Drain Life        |       |       |       |       |    10 |     4 |    10 |    17 |     9 ||    50
       Stop Recall       |       |       |       |       |     2 |     6 |       |       |       ||     8
       Animate Dead      |       |       |       |       |       |       |     2 |    21 |    18 ||    41
 Abil: Evoke Berserk Rag |     4 |     6 |    13 |    28 |     4 |     1 |       |       |       ||    56
       Evoke Invisibilit |       |       |       |     1 |       |       |       |       |       ||     1
Evoke: Wand              |       |       |     1 |    15 |     8 |     7 |     3 |    11 |    11 ||    56
       Box of beasts     |       |       |       |       |     3 |     1 |     1 |     5 |       ||    10
       Phial of floods   |       |       |       |       |       |       |       |     1 |     1 ||     2
       Fan of gales      |       |       |       |       |       |       |       |     1 |       ||     1
       Lamp of fire      |       |       |       |       |       |       |       |     1 |       ||     1
  Use: Scroll            |     1 |     4 |     8 |    16 |    23 |    19 |    15 |    15 |     8 ||   109
       Potion            |       |     1 |       |     7 |     5 |     9 |     5 |     5 |     4 ||    36
 Stab: Sleeping          |       |       |     1 |       |       |       |       |       |       ||     1
       Held in net/web   |       |       |       |     4 |     3 |       |       |       |       ||     7
       Distracted        |       |       |       |       |    12 |    19 |     8 |    25 |    17 ||    81
       Confused          |       |       |       |       |     2 |       |       |       |       ||     2
       Paralysed         |       |       |       |       |       |     1 |       |       |       ||     1
  Eat: Chunk             |     2 |     6 |    26 |    44 |    21 |     9 |     3 |     4 |    17 ||   132
       Royal jelly       |       |     1 |       |       |     2 |       |       |    12 |       ||    15
       Beef jerky        |       |       |       |     3 |     3 |     3 |     1 |     1 |     2 ||    13
       Fruit             |       |       |       |     6 |       |    16 |     5 |     3 |     9 ||    39
       Pizza             |       |       |       |     5 |     5 |     1 |     2 |     3 |     2 ||    18
       Bread ration      |       |       |       |       |       |       |       |       |     3 ||     3
       Meat ration       |       |       |       |       |       |       |       |       |     2 ||     2
